 Dungeon Crawl Stone Soup version 0.10.2-40-g36e0077 character file.

3338 millerlowlife666 the Frost Mage (level 9, -2/57 HPs)
             Began as a Vampire Ice Elementalist on Sept 2, 2012.
             Was a Follower of Vehumet.
             Shot with an arrow by a centaur (4 damage)
             ... on Level 9 of the Dungeon.
             The game lasted 01:41:36 (14802 turns).

millerlowlife666 the Frost Mage (VpIE)             Turns: 14802, Time: 01:41:36

HP  -2/57        AC 12     Str  7      XL: 9   Next: 49%
MP   2/23        EV 14     Int 20      God: Vehumet [*.....]
Gold 263         SH  0     Dex 14      Spells:  5 memorised,  8 levels left

Res.Fire  : . . .   See Invis. : +   l - staff of conjuration
Res.Cold  : + + .   Warding    : . . a - +0 robe
Life Prot.: + + +   Conserve   : .   (no shield)
Res.Acid. : . . .   Res.Corr.  : .   c - +0 helmet
Res.Poison: +       Clarity    : .   i - +1 cloak
Res.Elec. : .       Spirit.Shd : .   (no gloves)
Sust.Abil.: . .     Stasis     : .   (no boots)
Res.Mut.  : .       Ctrl.Telep.: .   (no amulet)
Res.Rott. : +       Levitation : .   E - +1 ring of protection
Saprovore : . . .   Ctrl.Flight: .   g - ring of wizardry

@: icy armour, regenerating slowly, somewhat resistant to hostile enchantments,
quite stealthy
A: bottle blood, fangs 3, see invisible, unbreathing
a: Bat Form, Bottle Blood, Renounce Religion


You were on level 9 of the Dungeon.
You worshipped Vehumet.
Vehumet was most pleased with you.
You were near bloodless.

You visited 2 branches of the dungeon, and saw 10 of its levels.

You collected 299 gold pieces.
You spent 56 gold pieces at shops.

Inventory:

Missiles
 y - 9 poisoned +3 needles
Armour
 a - a +0 robe (worn)
 c - a +0 helmet (worn)
 i - a +1 cloak (worn)
Magical devices
 w - a wand of magic darts (4)
 x - a wand of polymorph other (18)
Scrolls
 d - a scroll of magic mapping
 h - a scroll of fog
 k - 7 scrolls of identify
 m - a scroll of amnesia
 n - 2 scrolls of enchant weapon I
 o - a scroll of random uselessness
Jewellery
 g - a ring of wizardry (left hand)
 r - an uncursed ring of poison resistance
 C - an uncursed ring of levitation {unknown}
 D - a +4,+4 ring of slaying
 E - a +1 ring of protection (right hand)
Potions
 e - a potion of cure mutation {unknown}
 f - 2 potions of heal wounds {unknown}
 j - a potion of resistance {unknown}
 p - 3 potions of might {unknown}
 q - a potion of confusion {unknown}
 t - 2 potions of degeneration {unknown}
 u - 3 potions of curing {unknown}
 v - 2 potions of poison {unknown}
 z - a potion of berserk rage {unknown}
 A - a potion of blood
 B - a potion of invisibility {unknown}
Books
 b - a book of Frost

   Spells                             Type                      Level
   *Freeze                            Ice                          1
   *Throw Frost                       Conjuration/Ice              2
   *Ozocubu's Armour                  Charms/Ice                   3
   *Throw Icicle                      Conjuration/Ice              4
   Summon Ice Beast                   Ice/Summoning                4
   *Condensation Shield               Ice/Transmutation            4
Magical staves
 l - a staff of conjuration (weapon)


   Skills:
 + Level 0,1 Staves
 + Level 4,3 Dodging
 + Level 4,2 Stealth
 - Level 0,2 Traps & Doors
 + Level 7,4 Spellcasting
 * Level 3,3 Conjurations
 + Level 2,7 Charms
 + Level 8,2 Ice Magic
 + Level 0,2 Evocations


You had 8 spell levels left.
You knew the following spells:

 Your Spells              Type           Power        Failure   Level  Hunger
a - Freeze                Ice            #####        1%          1    None
b - Throw Frost           Ice/Conj       ######.      1%          2    None
c - Ozocubu's Armour      Ice/Chrm       #####.....   1%          3    Sultana
d - Throw Icicle          Ice/Conj       ######...    3%          4    Choko
e - Condensation Shield   Ice/Trmt       ####......   7%          4    Choko

Dungeon Overview and Level Annotations

Branches:
Dungeon (9/27)             Temple (1/1) D:6
    Orc: D:6-11        Lair: D:8-13

Altars:
Ashenzari
Cheibriados
Elyvilon
Fedhas
Kikubaaqudgha
Makhleb
Nemelex Xobeh
Okawaru
The Shining One
Trog
Vehumet
Xom
Yredelemnul
Zin

Shops:
D:6: *

Annotations
D:2 Terence


Innate Abilities, Weirdness & Mutations

You heal slowly.
You can bottle blood from corpses.
You have razor-sharp teeth.*
You have supernaturally acute eyesight.
You can survive without breathing.*


Message History

* * * LOW HITPOINT WARNING * * *
The hippogriff completely misses you. The rat closely misses you.
The centaur shoots an arrow.
The arrow hits you!
* * * LOW HITPOINT WARNING * * *
The centaur shoots an arrow.
The arrow misses you.
The centaur shoots an arrow.
The arrow hits you!
* * * LOW HITPOINT WARNING * * *
The hippogriff misses you.
The hippogriff pecks you but does no damage.
The hippogriff completely misses you. The rat barely misses you.
The centaur shoots an arrow.
The arrow hits you!
* * * LOW HITPOINT WARNING * * *
You see here an arrow.
The rat completely misses you.
The hobgoblin hits you but does no damage.
The rat bites you but does no damage.
Unknown command.
The rat completely misses you.
The centaur shoots an arrow.
The arrow misses you.
The centaur shoots an arrow.
The arrow hits you!
You die...

.... ......#
.......## #
.........## #..
...........##....
.......(...(.....
.<...............
........g..........
.......TH.@........
........rr.........
....o...(c(.......
[.....c.(.........
........(.........
.................
...............
.........###.#.
........## ...


You could see a hippogriff, a troll, 2 centaurs, an orc, a hobgoblin and 2 rats.

Vanquished Creatures
  The ghost of Luffy the Ducker, an experienced TeAE of Vehumet (D:6)
  A wyvern (D:7)
  2 orc warriors (D:7)
  3 ogres
  4 centaurs
  3 giant frogs
  A water moccasin skeleton (D:6)
  A goliath beetle (D:8)
  5 crimson imps
  A hound (D:9)
  3 orc priests
  A wight (D:9)
  A big kobold skeleton (D:8)
  2 hound skeletons
  A worker ant zombie (D:8)
  3 iguanas
  A worker ant (D:6)
  3 orc wizards
  5 jellies
  6 adders
  7 gnolls
  An iguana skeleton (D:8)
  An adder skeleton (D:5)
  2 giant mites
  4 worms
  A giant eyeball (D:7)
  2 giant geckos
  3 oozes
  7 orcs
  2 ball pythons
  2 giant cockroaches
  12 hobgoblins
  5 jackals
  7 quokkas
  24 bats
  6 giant newts
  A giant spore (D:7)
  11 goblins
  A hobgoblin skeleton (D:2)
  6 kobolds
  8 rats
  A rat zombie (D:8)
  3 ballistomycetes
  2 toadstools
167 creatures vanquished.

Vanquished Creatures (others)
  An ogre (D:5)
  An adder (D:7)
  A giant gecko (D:5)
  3 orcs (D:8)
  2 hobgoblins (D:5)
  2 jackals
  A kobold (D:5)
  A quokka (D:5)
  A giant spore (D:5)
  A goblin (D:4)
  A human (D:8)
  A ballistomycete (D:5)
  6 toadstools
22 creatures vanquished.

Grand Total: 189 creatures vanquished

Notes
Turn   | Place    | Note
--------------------------------------------------------------
     0 | D:1      | millerlowlife666, the Vampire Ice Elementalist, began the quest for the Orb.
     0 | D:1      | Reached XP level 1. HP: 13/13 MP: 4/4
   253 | D:1      | Reached XP level 2. HP: 8/19 MP: 0/5
   745 | D:1      | Learned a level 2 spell: Throw Frost
  1280 | D:2      | Found an iron altar of Okawaru.
  1361 | D:2      | Reached XP level 3. HP: 12/24 MP: 1/7
  1774 | D:2      | Found a sparkling altar of Nemelex Xobeh.
  2525 | D:2      | Noticed Terence
  2999 | D:3      | Reached XP level 4. HP: 18/30 MP: 1/10
  3380 | D:3      | Learned a level 3 spell: Ozocubu's Armour
  3752 | D:4      | Found a glowing silver altar of Zin.
  4033 | D:4      | Reached skill level 1 in Conjurations
  4146 | D:4      | Reached skill level 4 in Ice Magic
  4745 | D:4      | Reached XP level 5. HP: 25/35 MP: 5/13
  4809 | D:4      | Learned a level 4 spell: Throw Icicle
  5265 | D:5      | Entered Level 5 of the Dungeon
  5869 | D:6      | Found a staircase to the Ecumenical Temple.
  5880 | Temple   | Entered the Ecumenical Temple
  5943 | Temple   | Became a worshipper of Vehumet
  6475 | D:5      | Reached XP level 6. HP: 41/41 MP: 6/16
  6739 | D:5      | Found a shimmering altar of Xom.
  7281 | D:6      | Noticed Luffy's ghost (experienced TeAE)
  7327 | D:5      | Reached skill level 5 in Spellcasting
  7923 | D:5      | Reached skill level 1 in Charms
  7923 | D:5      | Reached skill level 5 in Ice Magic
  7923 | D:5      | Reached XP level 7. HP: 46/46 MP: 1/18
  7950 | D:5      | Learned a level 4 spell: Condensation Shield
  8413 | D:6      | Found a burning altar of Makhleb.
  8742 | D:6      | Found Ruhyitymm's General Store.
  8748 | D:6      | Bought a scroll of identify for 28 gold pieces
  8748 | D:6      | Bought a scroll of identify for 28 gold pieces
  9391 | D:6      | Reached skill level 6 in Spellcasting
  9606 | D:6      | Reached XP level 8. HP: 52/52 MP: 6/20
 10453 | D:6      | Killed Luffy's ghost
 10739 | D:7      | Acquired Vehumet's first power
 10744 | D:7      | Reached skill level 7 in Ice Magic
 11290 | D:7      | Reached XP level 9. HP: 57/57 MP: 16/22
 12944 | D:7      | Reached skill level 8 in Ice Magic
 14800 | D:9      | HP: 2/57 [centaur/arrow (10)]
 14802 | D:9      | Shot with an arrow by a centaur
